cohdb
Replays
Latest Replays
All Replays
Popular Replays
Top Player Replays
Match Explorer
How It Works
Community
CoH3 Stats
Reddit
Sign in to upload your games and track your stats! →
Sign in with Steam
Match 43677828
Unlisted
Match 43677828
Overview
Messages
Build Orders
End
Panzergrenadier Squad
Panzerpioneer Squad
Panzergrenadier Squad
Construct Light Support Kompanie
2.5-tonne Medical Truck
Selects Armored Support Battlegroup
Selects Veteran Gunners
Selects Salvage Kits
Fire Support Elements
le.IG 18 Mechanized Group
Combat Half-tracks
Flakvierling Half-track
Panzergrenadier Squad
Vehicle Survival Package
Forward Retreat Point
Selects Panzer Storm
Construct Panzerarmee Kommand
Pak 38 Mechanized Group
Emergency Repair Kits
Flak 36 Anti-tank Gun Team
Pak 38 Mechanized Group
RhumsteaK
King Raptor
Nick631
MatiS21
Davis 🗡
Basgo
Gr8Sp4rx
Ragnar Lothbrok (German)
0
0
Comments
sign in to comment!
No comments posted yet!